 Dungeon Crawl Stone Soup version 0.30-a0-313-gae38170b09 (webtiles) character file.

Game seed: 15540358320126383775

127138 Zonian the Warrior (level 17, -2/146 HPs)
             Began as a Djinni Ice Elementalist on Oct 26, 2022.
             Was an Elder of Ashenzari.
             Killed from afar by Zonian's illusion (illusionary) (36 damage)
             ... with a stone arrow
             ... woven by Mara
             ... on level 4 of the Snake Pit on Oct 27, 2022.
             The game lasted 02:20:15 (50508 turns).

Zonian the Warrior (Djinni Ice Elementalist)       Turns: 50508, Time: 02:20:15

Health: -2/146     AC:  8    Str: 19    XL:     17   Next: 55%
Gold:   851        EV: 21    Int: 27    God:    Ashenzari [****..] SH:  8 Dex: 16

rFire   + + .      SeeInvis +    o - +9 short sword (drain)
rCold   x . .      Faith    .    p - +3 buckler of the Profound God {rN+, Melee, Evo} (curse)
rNeg    + . .      Spirit   .    d - +2 robe "Tethered Together" {Archmagi, Self, Cun} (curse) rPois โˆž Reflect .
                                 q - +2 hat of Cremastomancy {Melee, Range} (curse)
rElec   +          Harm     .    e - scarf "Eternal Malaise" {repulsion, Self, Range} (curse)
rCorr   .          Rampage  .    b - +1 pair of gloves of Ashenzari's Henotheism {rElec Str+6 Slay+3, Evo, Cun} (curse)
Will    +....      Archmagi +    (boots unavailable)
Stlth   ++++...... Clarity  +    S - amulet of the acrobat
HPRegen 0.44/turn                O - +4 ring of evasion
MPRegen 0.00/turn                P - ring of the Omniscient Sorrow {MP+9 Str+6 Int+4, Cun, Self} (curse)

@: flying, repel missiles
A: sickness immunity, fire resistance 2, cold vulnerability 1, float, innate
caster, HP casting, extra vitality 1
a: Renounce Religion, Curse Item, Shatter the Chains


You were on level 4 of the Snake Pit.
You worshipped Ashenzari.
Ashenzari was greatly pleased with you.
You visited 5 branches of the dungeon, and saw 27 of its levels.

You collected 2636 gold pieces.
You spent 1785 gold pieces at shops.

Inventory:

Hand Weapons
 o - a +9 short sword of draining (weapon)
 y - a +4 short sword of freezing
 B - a +1 falchion of venom
 D - a +2 dagger of venom
 L - a +2 demon blade of venom
 M - a +0 rapier
 N - the +3 sling "Killer Bee's Death" {freeze, *Corrode Str+4 Int+2}
   (You bought it in a shop on level 2 of the Orcish Mines)

   Any ammunition fired from it freezes those it strikes, dealing additional
   cold damage.
   It can also slow down cold-blooded creatures.
   Str:       It affects your strength (+4).
   Int:       It affects your intelligence (+2).
   *Corrode:  It may corrode you when you take damage.
Missiles
 j - 41 poisoned darts
 t - 5 curare-tipped darts
 F - 3 throwing nets
Armour
 b - the cursed +1 pair of gloves of Ashenzari's Henotheism (worn) {rElec Str+6 Slay+3, Evo, Cun}
   (You acquired it on level 4 of the Dungeon)

   Str:       It affects your strength (+6).
   Slay:      It affects your accuracy & damage with ranged weapons and melee
   (+3).
   rElec:     It insulates you from electricity.
   It has a curse which improves the following skills: Evocations: Evocations.
   Cunning:   Dodging and Stealth.
 d - the cursed +2 robe "Tethered Together" (worn) {Archmagi, Self, Cun}
   (You found it on level 1 of the Dungeon)

   It has a curse which improves the following skills: Introspection: Fighting
   and Spellcasting.
   Cunning:   Dodging and Stealth.
 e - the cursed scarf "Eternal Malaise" (worn) {repulsion, Self, Range}
   (You found it on level 1 of the Dungeon)

   It has a curse which improves the following skills: Introspection: Fighting
   and Spellcasting.
   Ranged Combat: Ranged Weapons and Throwing.
 p - the cursed +3 buckler of the Profound God (worn) {rN+, Melee, Evo}
   (You bought it in a shop on level 2 of the Orcish Mines)

   It has a curse which improves the following skills: Melee Combat: Short
   Blades, Long Blades, Axes, Maces & Flails, Polearms, Staves and Unarmed
   Combat.
   Evocations: Evocations.
 q - the cursed +2 hat of Cremastomancy (worn) {Melee, Range}
   (You found it on level 6 of the Dungeon)

   It has a curse which improves the following skills: Melee Combat: Short
   Blades, Long Blades, Axes, Maces & Flails, Polearms, Staves and Unarmed
   Combat.
   Ranged Combat: Ranged Weapons and Throwing.
 C - the +1 pair of gloves of the Brewing Gods {+Inv rElec rC+}
   (You found it on level 7 of the Dungeon)

   rC:        It protects you from cold.
   rElec:     It insulates you from electricity.
   +Inv:      It lets you turn invisible.
 K - a +0 helmet
Jewellery
 l - a ring of resist corrosion
 O - a +4 ring of evasion (left hand)
 P - the cursed ring of the Omniscient Sorrow (right hand) {MP+9 Str+6 Int+4, Cun, Self}
   (You bought it in a shop on level 2 of the Orcish Mines)

   [ring of magical power]

   Str:       It affects your strength (+6).
   Int:       It affects your intelligence (+4).
   MP:        It affects your magic capacity (+9).
   It has a curse which improves the following skills: Cunning: Dodging and
   Stealth.
   Introspection: Fighting and Spellcasting.
 Q - a ring of protection from cold
 S - an amulet of the acrobat (around neck)
Wands
 k - a wand of mindburst (35)
 n - a wand of iceblast (5)
 s - a wand of digging (2)
 x - a wand of light (13)
 A - a wand of paralysis (18)
 E - a wand of flame (33)
 I - a wand of polymorph (6)
Scrolls
 c - 3 scrolls of enchant weapon
 g - 4 scrolls of silence
 i - 7 scrolls of teleportation
 m - 5 scrolls of blinking
 r - 3 scrolls of poison
 z - 3 scrolls of butterflies
 G - 3 scrolls of magic mapping
 R - a scroll of summoning
Potions
 a - a potion of might
 f - 4 potions of cancellation
 u - 2 potions of berserk rage
 v - 7 potions of lignification
 w - 2 potions of ambrosia
 H - 5 potions of curing
Miscellaneous
 h - a phial of floods
 J - a tin of tremorstones (inert)


   Skills:
 + Level 17.4(21.0) Fighting
 - Level 10.0(12.9) Short Blades
 + Level 6.0(9.0) Ranged Weapons
 - Level 2.1(4.3) Throwing
 - Level 6.7(10.6) Dodging
 - Level 5.5(9.3) Stealth
 - Level 4.0 Shields
 + Level 14.3(18.1) Spellcasting
 - Level 6.3(9.3) Evocations


You had 10 spell levels left.
You knew the following spells:

 Your Spells              Type           Power      Damage    Failure   Level
a - Freeze                Ice            100%       1d10      0%          1
b - Frozen Ramparts       Ice            100%       1d16      0%          3
c - Ozocubu's Armour      Ice            100%       N/A       0%          3
d - Summon Ice Beast      Ice/Summ       100%       N/A       0%          4
e - Summon Small Mammal   Summ           100%       N/A       0%          1
f - Poisonous Vapours     Pois/Air       100%       N/A       0%          2
g - Stone Arrow           Conj/Erth      100%       3d13      0%          3
h - Vampiric Draining     Necr           100%       2d13      0%          3
i - Fulminant Prism       Conj/Hex       55%        3d25      0%          4
j - Agony                 Necr           100%       N/A       1%          5
k - Eringya's Noxious Bo  Tmut/Pois      55%        N/A       1%          6
l - Orb of Destruction    Conj           55%        9d14      1%          7
Your spell library was empty.

Dungeon Overview and Level Annotations

Branches:
Dungeon (15/15)            Temple (1/1) D:7            Lair (5/5) D:10
 Shoals (0/4) Lair:3        Snake (4/4) Lair:2        Slime (0/5) Lair:4
    Orc (2/2) D:11            Elf (0/3) Orc:2        Vaults (0/5) D:13
 Depths (0/4) D:15

Altars:
Ashenzari
Cheibriados
Dithmenos
Elyvilon
Fedhas
Gozag
Hepliaklqana
Makhleb
Nemelex Xobeh
Okawaru
Qazlal
Ru
Trog
Uskayaw
Wu Jian
Xom
Yredelemnul
Zin
The Shining One
Jiyva

Shops:
D:6 *   Orc:2 [?=?*   Snake:1 ?   Snake:3 [

Portals:
Abyss: Orc:2

Annotations:
D:3 Ijyb
D:8 1 runed translucent door, chippings's ghost, novice MfGl
D:9 1 runed translucent door, LnG's ghost, novice KoSu
Lair:4 1 runed translucent door
Snake:4 Mara
Orc:2 2 transporters, timneilson's ghost, journeyman GrFi


Innate Abilities, Weirdness & Mutations

You are immune to sickness and miasma.
You are immune to poison.
Your flesh is very heat resistant. (rF++)
You are vulnerable to cold. (rC-)
You float through the air rather than walking.
You learn spells naturally, not from books.
Your magical power is your life essence.
You have superior vitality. (+4 MHP)


Message History

Press: ? - help, Shift-Dir - straight line, f - Zonian's illusion
Aim: Zonian's illusion, wielding a weapon of draining (heavily damaged)
Okay, then.
Aiming: Bolt of Light
Press: ? - help, Shift-Dir - straight line, f - Zonian's illusion
Aim: Zonian's illusion, wielding a weapon of draining (heavily damaged, 17% to hit)
Okay, then.
Okay, then.
Press: ? - help, v - describe, . - travel
Here: Zonian's illusion, wielding a weapon of draining (heavily damaged)
The floor.
Your frozen ramparts will break if you move.
Continue?
The frozen ramparts melt away as you move.
Zonian's illusion conjures an orb of pure magic.
The wavering orb of destruction weakly hits you!!
* * * LOW HITPOINT WARNING * * *
Unknown command.
Aiming: Bolt of Light
Press: ? - help, Shift-Dir - straight line, f - Mara
Aim: Mara, wielding a +0 demon whip of venom and wearing a +0 robe (severely wounded, 60% to hit)
The bolt of light misses Mara.
Zonian's illusion conjures an orb of pure magic.
A naga comes into view. It is wielding a +0 battleaxe.
An orb of destruction comes into view.
You feel better.
Zonian's illusion points at you and mumbles some strange words.
You barely resist. Mara gestures at you. The bolt of fire hits you! You resist.
* * * LOW HITPOINT WARNING * * *
The orb of destruction hits a rock wall.
The tremorstone explodes into fragments!
The burst of rock shards engulfs Mara but does no damage. x3
The burst of rock shards engulfs you but does no damage.
The burst of rock shards engulfs Mara!!
The tin is emptied!
You hear a shout!
You hear an angry hiss.
You hear a shout!
You hear an angry hiss.
Zonian's illusion points at you and mumbles some strange words.
The stone arrow hits you!!!
You die...

#ยง......##........)..........#...
#.{......###.....##.######...#...
#.........8#.....##))# ####..##
.....#.....##....###)# #..##
.....#8.....########)# #...?
.....###.....#8###8#.# ###....
.....# ##.....[......# #......
...### #8......โ—‹@...# #..####
.....# ##...R..โ—‹@....# #..#
..(..###.....#8###8### #..#
.....#8.....######## #..#
.)...#.....##(...# #..#
...S......8#.....# #..#
.........###.....# #..####
........##.......# #..#...
...).#8##........# #..#..^
..)).###.........# #..#...


You could see Mara and Zonian's illusion.

Vanquished Creatures
  Bai Suzhen (Snake:4)
  Vashnia (Snake:2)
  Asterion (Snake:4)
  Agnes (Snake:4)
  2 nagarajas (Snake:4)
  Kirke (Snake:2)
  A stone giant (D:15)
  Azrael (Snake:2)
  Snorg (D:11)
  A fire dragon (D:13)
  Harold (D:9)
  A catoblepas (Lair:5)
  4 boulder beetles
  2 centaur warriors (D:14)
  5 hydras
  2 ogre magi (Orc:2)
  6 anacondas
  3 death yaks (Lair:5)
  13 two-headed ogres
  5 naga warriors
  4 tengu warriors
  A deep troll shaman (Lair:5)
  8 naga sharpshooters
  5 shock serpents
  Nergalle (Lair:1)
  3 salamander mystics
  10 sea snakes
  3 skeletal warriors
  2 deep trolls
  6 naga ritualists
  A lindwurm (Lair:5)
  3 deep elf pyromancers
  An ugly thing (D:13)
  An orc sorcerer (Orc:1)
  6 mana vipers
  6 cyclopes
  7 salamanders
  2 manticores
  Maurice (D:8)
  3 elephants (Lair:5)
  22 black mambas
  9 naga magi
  2 guardian serpents
  8 cane toads
  4 rime drakes
  2 unseen horrors
  4 kobold demonologists
  7 komodo dragons
  2 tengu conjurers
  2 freezing wraiths
  12 trolls
  3 polar bears
  A wind drake (Lair:2)
  A hornet (D:10)
  16 blink frogs
  6 dream sheep (Lair:5)
  4 shadows
  41 yaks
  2 wraiths
  2 wyverns
  2 fire elementals (Snake:2)
  A hog (Snake:2)
  An unseen horror simulacrum (D:10)
  Menkaure (D:7)
  4 basilisks
  3 steam dragons
  15 vampire mosquitoes
  17 nagas
  4 wargs
  2 acid dragons
  17 water moccasins
  4 hell hounds (Snake:2)
  A swamp drake (D:11)
  4 black bears
  A sky beast (D:7)
  14 orc warriors
  7 ice beasts
  11 wolves
  25 ogres
  4 centaurs
  6 kobold brigands
  10 bullfrogs
  A gnoll sergeant (D:9)
  3 scorpions
  2 necrophages
  22 wights
  4 killer bees (D:11)
  2 howler monkeys
  A vampire bat (D:9)
  13 electric eels
  2 hounds
  3 jellies
  4 iguanas
  18 orc priests
  3 gnoll boudas
  24 orc wizards
  A boggart simulacrum (D:14)
  17 gnolls
  6 adders
  2 shadow imps (D:7)
  7 white imps
  5 ufetubi
  A worm (D:5)
  4 dart slugs
  79 orcs
  5 ball pythons
  3 endoplasms
  2 giant cockroaches
  5 hobgoblins
  8 jackals
  38 kobolds
  5 quokkas
  14 bats
  2 frilled lizards (D:2)
  6 goblins
  3 rats (D:3)
  A butterfly (D:7)
  A fire vortex (D:13)
748 creatures vanquished.

Vanquished Creatures (collateral kills)
  An ogre mage (Orc:2)
  A two-headed ogre (Orc:2)
  A shock serpent (Snake:4)
  A deep troll (Orc:2)
  An ugly thing (D:14)
  A manticore (D:14)
  A polar bear (Lair:4)
  A dream sheep (Lair:5)
  A basilisk (Lair:1)
  A vampire mosquito (D:14)
  An acid dragon (D:7)
  A naga (Snake:4)
  An ogre (Orc:2)
  2 wolves (Lair:2)
  A bullfrog (D:7)
  A white imp (D:10)
17 creatures vanquished.

Vanquished Creatures (others)
  A bush (Lair:5)
  55 fulminant prisms
  49 fungi
  40 plants
145 creatures vanquished.

Grand Total: 910 creatures vanquished

Notes
Turn   | Place    | Note
-------+----------+-------------------------------------------
     0 | D:1      | Zonian the Djinni Ice Elementalist began the quest for the
                  | Orb.
     0 | D:1      | Zonian set off with the following spells memorised: Freeze,
                  | Frozen Ramparts, Ozocubu's Armour, Summon Ice Beast.
     0 | D:1      | Reached XP level 1. HP: 15/15 MP: 0/0
   231 | D:1      | Reached XP level 2. HP: 21/21 MP: 0/0
   593 | D:1      | Reached XP level 3. HP: 24/25 MP: 0/0
   593 | D:1      | Learned a level 1 spell: Summon Small Mammal
  1541 | D:2      | Reached XP level 4. HP: 29/31 MP: 0/0
  1903 | D:3      | Found an ornate altar of the Wu Jian Council.
  1972 | D:3      | Found a faded altar of an unknown god.
  2064 | D:3      | Found an opulent altar of Gozag.
  2303 | D:3      | Reached XP level 5. HP: 28/35 MP: 0/0
  2303 | D:3      | Learned a level 2 spell: Poisonous Vapours
  2340 | D:3      | Noticed Ijyb
  3542 | D:4      | Found a snail-covered altar of Cheibriados.
  3543 | D:4      | Noticed an orc warrior
  3553 | D:4      | Reached XP level 6. HP: 35/40 MP: 0/0
  3634 | D:4      | Killed an orc warrior
  3861 | D:4      | Identified a scroll of acquirement
  3861 | D:4      | Acquired the +1 pair of gloves of the Valley {rElec Str+6
                  | Slay+3}
  4227 | D:4      | Reached XP level 7. HP: 45/45 MP: 0/0
  4227 | D:4      | Learned a level 3 spell: Stone Arrow
  4977 | D:5      | Entered Level 5 of the Dungeon
  5091 | D:5      | Reached skill level 1 in Fighting
  5091 | D:5      | Reached skill level 1 in Short Blades
  5249 | D:5      | Noticed a water moccasin
  5746 | D:5      | Killed a water moccasin
  5747 | D:5      | Reached skill level 2 in Fighting
  6316 | D:5      | Reached XP level 8. HP: 22/55 MP: 0/0
  6597 | D:5      | Reached skill level 5 in Spellcasting
  6685 | D:5      | Reached skill level 3 in Fighting
  6878 | D:6      | Noticed a shadow
  7678 | D:6      | Reached skill level 4 in Fighting
  7866 | D:6      | Found Motag's General Store.
  7893 | D:6      | Bought a scroll of teleportation for 42 gold pieces
  7893 | D:6      | Bought a scroll of teleportation for 42 gold pieces
  7893 | D:6      | Bought a scroll of teleportation for 42 gold pieces
  7941 | D:6      | Reached XP level 9. HP: 54/63 MP: 0/0
  7941 | D:6      | Learned a level 3 spell: Vampiric Draining
  8424 | D:6      | Reached skill level 5 in Fighting
  8726 | D:6      | Reached skill level 5 in Short Blades
  9492 | D:7      | Found a staircase to the Ecumenical Temple.
  9531 | Temple   | Entered the Ecumenical Temple
  9624 | D:7      | Noticed a kobold demonologist
  9624 | D:7      | Noticed a kobold demonologist
  9625 | D:7      | Noticed a kobold demonologist
  9660 | D:8      | Found a runed translucent door.
  9660 | D:8      | Noticed a polar bear
  9874 | D:8      | Noticed chippings's ghost (novice MfGl)
  9874 | D:8      | Identified the +10 trident of the Gloaming {protect, Will+}
  9902 | D:7      | Noticed Menkaure
  9912 | D:7      | Killed Menkaure
  9931 | D:7      | Found a white marble altar of Elyvilon.
  9947 | D:7      | Reached skill level 6 in Fighting
 10251 | D:7      | Reached XP level 10. HP: 60/73 MP: 0/0
 10552 | D:7      | Identified the +1 pair of gloves of the Brewing Gods {+Inv
                  | rElec rC+}
 10676 | D:7      | Reached skill level 7 in Fighting
 11528 | D:7      | Noticed a sun demon
 11840 | D:7      | Noticed a rust devil
 11841 | D:7      | Noticed a rust devil
 11842 | D:7      | Noticed an ice devil
 12339 | D:7      | Noticed a sixfirhy
 12341 | Temple   | Killed a kobold demonologist
 12487 | D:7      | Noticed a sixfirhy
 12495 | Temple   | Killed a kobold demonologist
 12616 | D:7      | Killed a kobold demonologist
 12950 | D:8      | Reached skill level 8 in Fighting
 13103 | D:8      | Noticed a two-headed ogre
 13111 | D:8      | Killed a two-headed ogre
 13112 | D:8      | Reached XP level 11. HP: 72/82 MP: 0/0
 13112 | D:8      | Learned a level 4 spell: Fulminant Prism
 13566 | D:8      | Noticed Maurice
 14263 | D:8      | Killed Maurice
 14595 | D:9      | Found a sparkling altar of Nemelex Xobeh.
 14610 | D:9      | Noticed Harold
 14622 | D:9      | Paralysed by Harold for 3 turns
 14629 | D:9      | Paralysed by Harold for 4 turns
 14633 | D:9      | Killed Harold
 14634 | D:9      | Reached skill level 9 in Fighting
 15041 | D:9      | Found a hide-covered altar of Uskayaw.
 15041 | D:9      | Found a glowing golden altar of the Shining One.
 15138 | D:9      | Found a runed translucent door.
 15140 | D:9      | Noticed a purple ugly thing
 15140 | D:9      | Noticed LnG's ghost (novice KoSu)
 15279 | D:9      | Found a broken altar of Ashenzari.
 15280 | D:9      | Found a hazy altar of Hepliaklqana.
 15600 | D:10     | Entered Level 10 of the Dungeon
 15841 | D:10     | Found a staircase to the Lair.
 15915 | D:10     | Identified the +5 ring mail of the Gusle {rC- Regen+ Dex+3}
 16570 | D:10     | Found a shimmering altar of Xom.
 16572 | D:10     | Found a hide-covered altar of Uskayaw.
 16572 | D:10     | Found a shimmering altar of Xom.
 16574 | D:10     | Found a blossoming altar of Fedhas.
 16574 | D:10     | Found a blossoming altar of Fedhas.
 16733 | D:9      | Reached XP level 12. HP: 86/91 MP: 0/0
 16788 | D:9      | Became a worshipper of Ashenzari the Shackled
 17822 | D:10     | Reached skill level 10 in Fighting
 18055 | Lair:1   | Entered Level 1 of the Lair of Beasts
 18061 | Lair:1   | Found a shimmering altar of Xom.
 18076 | Lair:1   | Noticed Nergalle
 18084 | Lair:1   | Killed Nergalle
 18135 | Lair:1   | Noticed a boulder beetle
 18153 | Lair:1   | Killed a boulder beetle
 20499 | Lair:2   | Found a staircase to the Snake Pit.
 20631 | Lair:2   | Reached skill level 1 in Shields
 21019 | Lair:2   | Reached * piety under Ashenzari
 21071 | Lair:2   | Reached ** piety under Ashenzari
 21461 | Lair:2   | Reached skill level 10 in Short Blades
 22415 | Lair:2   | Reached skill level 11 in Fighting
 22798 | Lair:3   | Reached skill level 5 in Dodging
 22818 | Lair:3   | Reached XP level 13. HP: 73/102 MP: 0/0
 22818 | Lair:3   | Learned a level 5 spell: Agony
 23035 | Lair:3   | Found a staircase to the Shoals.
 23544 | Lair:3   | Reached skill level 5 in Stealth
 23544 | Lair:3   | Reached skill level 10 in Spellcasting
 24143 | Lair:3   | Reached *** piety under Ashenzari
 24298 | Lair:4   | Found a runed translucent door.
 24298 | Lair:4   | Found a viscous altar of Jiyva.
 24298 | Lair:4   | Found a staircase to the Slime Pits.
 24365 | Lair:4   | Noticed a five-headed hydra
 24540 | Lair:4   | Noticed a six-headed hydra
 24541 | Lair:4   | Killed a six-headed hydra
 24936 | Lair:4   | Killed a five-headed hydra
 24944 | Lair:4   | Reached skill level 1 in Evocations
 25036 | Lair:4   | Reached skill level 1 in Throwing
 25601 | Lair:5   | Entered Level 5 of the Lair of Beasts
 25628 | Lair:5   | Upgraded the game from 0.30-a0-311-gf115ab0292 to
                  | 0.30-a0-313-gae38170b09
 25686 | Lair:5   | Reached skill level 12 in Fighting
 26267 | Lair:5   | Reached XP level 14. HP: 112/114 MP: 0/0
 27945 | Lair:5   | Reached skill level 5 in Evocations
 29416 | D:11     | Noticed Snorg
 29422 | D:11     | Killed Snorg
 29423 | D:11     | Reached skill level 13 in Fighting
 29700 | D:11     | Found a staircase to the Orcish Mines.
 32235 | D:13     | Found a gate to the Vaults.
 33824 | D:13     | Identified Sif Muna's Writings on Arcane Weapons
 33927 | D:13     | Reached skill level 14 in Fighting
 34358 | D:13     | Reached XP level 15. HP: 116/124 MP: 0/0
 34358 | D:13     | Learned a level 6 spell: Eringya's Noxious Bog
 35628 | D:15     | Entered Level 15 of the Dungeon
 36391 | D:15     | Found a staircase to the Depths.
 36391 | D:15     | Noticed a stone giant
 36416 | D:15     | Killed a stone giant
 36781 | D:15     | HP: 5/125 [seven-headed hydra (4)]
 37929 | Orc:1    | Entered Level 1 of the Orcish Mines
 38326 | Orc:2    | Entered Level 2 of the Orcish Mines
 38336 | Orc:2    | Reached skill level 15 in Fighting
 38763 | Orc:2    | HP: 2/127 [deep troll (11)]
 39275 | Orc:2    | Paralysed by an ogre mage for 2 turns
 39654 | Orc:2    | Found Wirgheumi's Armour Boutique.
 39659 | Orc:2    | Found Tiolanlu's Magic Scroll Shoppe.
 39672 | Orc:2    | Found Ked Xiar's Jewellery Shop.
 39673 | Orc:2    | Found Nukif's Magic Scroll Shop.
 39677 | Orc:2    | Bought a scroll of blinking for 112 gold pieces
 39677 | Orc:2    | Bought a scroll of blinking for 112 gold pieces
 39677 | Orc:2    | Bought a scroll of fear for 60 gold pieces
 39685 | Orc:2    | Bought a scroll of blinking for 105 gold pieces
 39685 | Orc:2    | Bought a scroll of blinking for 105 gold pieces
 39694 | Orc:2    | Found Kairemnuok's Assorted Antiques.
 39696 | Orc:2    | Found a staircase to the Elven Halls.
 39702 | Orc:2    | Bought a crude sling for 156 gold pieces
 39702 | Orc:2    | Identified the +3 sling "Killer Bee's Death" {freeze,
                  | *Corrode Str+4 Int+2} (You bought it in a shop on level 2
                  | of the Orcish Mines)
 39702 | Orc:2    | Bought a glittering jade ring for 120 gold pieces
 39702 | Orc:2    | Identified the ring "Saigack" {MP+9 Str+6 Int+4} (You
                  | bought it in a shop on level 2 of the Orcish Mines)
 39930 | Orc:2    | Found a transporter.
 39941 | Orc:2    | Noticed an orc warlord
 39951 | Orc:2    | Found a transporter.
 39970 | Orc:2    | Found a one-way gate to the infinite horrors of the Abyss.
 40012 | Orc:2    | Noticed timneilson's ghost (journeyman GrFi)
 40216 | Orc:2    | Bought a +2 buckler of positive energy for 277 gold pieces
 40288 | Orc:1    | Reached XP level 16. HP: 132/132 MP: 0/0
 40904 | Snake:1  | Entered Level 1 of the Snake Pit
 41363 | Snake:1  | Found Yshyuce's Magic Scroll Boutique.
 41487 | Snake:1  | Reached skill level 16 in Fighting
 42152 | Snake:1  | Reached skill level 1 in Ranged Weapons
 43208 | Orc:2    | Bought a +4 ring of evasion for 612 gold pieces
 44205 | Snake:2  | Noticed Vashnia
 44238 | Snake:2  | Killed Vashnia
 44787 | Snake:2  | Noticed Azrael
 44812 | Snake:2  | Killed Azrael
 45330 | Snake:2  | Noticed Kirke
 45347 | Snake:2  | Killed Kirke
 45441 | Snake:2  | Identified Sif Muna's Lessons on Cunning Transposition
 47291 | Snake:3  | Reached XP level 17. HP: 106/143 MP: 0/0
 47291 | Snake:3  | Learned a level 7 spell: Orb of Destruction
 47692 | Snake:3  | Found Haymon's Dragon-Slaying Spoils.
 47836 | Snake:4  | Entered Level 4 of the Snake Pit
 47838 | Snake:4  | Noticed Bai Suzhen
 47865 | Snake:4  | Killed Bai Suzhen
 48269 | Snake:4  | Noticed Asterion
 48396 | Snake:4  | Killed Asterion
 48397 | Snake:4  | Reached skill level 17 in Fighting
 48397 | Snake:4  | Reached skill level 5 in Ranged Weapons
 48516 | Snake:4  | Reached **** piety under Ashenzari
 48533 | Snake:4  | Noticed Agnes
 49003 | Snake:4  | Killed Agnes
 50114 | Snake:4  | Noticed Mara
 50117 | Snake:4  | Noticed Zonian's illusion
 50491 | Snake:4  | Noticed Zonian's illusion
 50508 | Snake:4  | Killed from afar by Zonian's illusion (illusionary)

Illustrated notes

Levels and vault maps discovered:
D:1:      co_arrival_random_square_maze, layout_basic
D:2:      layout_basic
D:3:      layout_loops_cross, mainiacjoe_overflow_concentric_impassable,
          grunt_gozag_statues, shapermc_ecumenical_altar_starsandcircs,
          amethyst_killhole, uniq_ijyb
D:4:      layout_cave_pods, jmf_multi_god_temple
D:5:      layout_loops_cross, nicolae_kite_square_tiling_tiny, dk_noncrumbling_4
D:6:      layout_basic, serial_shops, shop, st_stairs_1
D:7:      minmay_octagon_keep, layout_cave_pods, elyvilon_altar_4,
          minmay_temple_entry_butterflies, serial_demonic, serial_demonic_a,
          serial_demonic_e, serial_demonic_b, serial_demonic_d, uniq_menkaure
D:8:      layout_gridville, ebering_ghost_funeral_grove, uniq_maurice
D:9:      minmay_recursive_quarters, layout_loops_ring,
          mainiacjoe_overflow_brackets, nicolae_overflow_hidden_temple,
          ebering_ghost_inner_flame, roderic_batcave, uniq_harold
D:10:     layout_cave_pods, doesnt_xom_only_xom, hellmonk_lair_entry_icy,
          serial_ice, serial_ice_i, serial_ice_f, serial_ice_e, serial_ice_n
D:11:     layout_roguey, erik_orc_1, uniq_snorg
D:12:     layout_loops_ring
D:13:     dragon1_lemuel, layout_basic, david_vaults_4, special_room
          [special_room_orc], led_sif_book
D:14:     layout_stronghold, serial_park_square3 [serial_park_minivault_5x5_8],
          kennysheep_big_empty_room
D:15:     grunt_enter_depths_snipers, layout_irregular_city, solitary_fountain,
          fountainhead, chequers_serial_rivers_micro_d
Temple:   hellmonk_temple_of_storms
Lair:1:   layout_loops_ring, basic_altar, uniq_nergalle
Lair:2:   layout_cave_pods, dummy_snake_entry, minmay_hedge_maze
Lair:3:   layout_regular_city, minmay_shoals_entry_beasts, minmay_holes,
          minivault_27, infiniplex_staircase_pool_2
Lair:4:   layout_big_grid, slime_entry_2, chequers_serial_rivers_marsh
Lair:5:   grunt_lair_end_beastmaster, layout_loops_ring, basic_altar,
          infiniplex_staircase_pool, grunt_megastairs_3
Snake:1:  layout_basic, serial_shops, nicolae_shop_stone
Snake:2:  layout_basic, uniq_kirke, uniq_vashnia, uniq_azrael
Snake:3:  layout_rooms, nicolae_shop_dragon_depot
Snake:4:  johnstein_snake_rune_scales, layout_gridlike, serial_corexii_hall,
          chequers_hall_statues_y, chequers_hall_statues_y, uniq_agnes,
          uniq_asterion, uniq_mara, uniq_bai_suzhen
Orc:1:    layout_caves
Orc:2:    st_orc_open, layout_caves, serial_shops, nicolae_shop_waterfront,
          gammafunk_ghost_abyssal_escape

Skill      XL: |  1  2  3  4  5  6  7  8  9 10 11 12 13 14 15 16 17 |
---------------+----------------------------------------------------+-----
Stealth        | 2 3 4 5 |  5.5
Dodging        | 3 4 5 6 |  6.7
Spellcasting   | 4 5 6 7 8 9 10 11 13 14 | 14.3
Fighting       | 2 4 6 8 9 11 12 14 15 16 17 | 17.4
Short Blades   | 2 3 5 7 9 10 | 10.0
Shields        | 3 4 |  4.0
Evocations     | 3 5 6 |  6.3
Throwing       | 2 |  2.1
Ranged Weapons | 4 6 |  6.0

Action                   |  1- 3 |  4- 6 |  7- 9 | 10-12 | 13-15 | 16-18 || total
-------------------------+-------+-------+-------+-------+-------+-------++-------
Melee: Dagger            |    35 |    34 |       |    36 |       |       ||   105
       Punch             |     2 |     1 |     2 |     3 |       |       ||     8
       Short sword       |       |    21 |   149 |   251 |   652 |   488 ||  1561
       Demon blade       |       |       |       |       |       |     7 ||     7
 Fire: Sling             |       |       |       |       |       |    78 ||    78
Throw: Dart              |       |     4 |       |       |     1 |       ||     5
       Throwing net      |       |       |       |       |     1 |       ||     1
 Cast: Freeze            |    43 |    48 |     2 |       |       |       ||    93
       Frozen Ramparts   |       |     4 |    22 |    16 |    20 |    24 ||    86
       Stone Arrow       |       |       |    14 |   174 |    92 |    28 ||   308
       Ozocubu's Armour  |       |       |     5 |     8 |     8 |     4 ||    25
       Vampiric Draining |       |       |     4 |     2 |     1 |     6 ||    13
       Summon Ice Beast  |       |       |       |     8 |    12 |     7 ||    27
       Fulminant Prism   |       |       |       |     5 |    44 |     6 ||    55
       Summon Small Mamm |       |       |       |     3 |     3 |       ||     6
       Agony             |       |       |       |       |     4 |       ||     4
       Poisonous Vapours |       |       |       |       |    94 |     8 ||   102
       Eringya's Noxious |       |       |       |       |    14 |     6 ||    20
       Orb of Destructio |       |       |       |       |       |     7 ||     7
Invok: Curse Item        |       |       |       |     3 |     2 |     2 ||     7
       Shatter the Chain |       |       |       |       |     1 |       ||     1
Evoke: Wand              |       |     5 |     6 |    11 |    21 |    42 ||    85
       Phial of floods   |       |       |       |     1 |     1 |       ||     2
       Tin of tremorston |       |       |       |       |       |     3 ||     3
  Use: Scroll            |       |     7 |     7 |    11 |     7 |     4 ||    36
       Potion            |       |       |       |       |     3 |     3 ||     6
 Stab: Sleeping          |     1 |     2 |     3 |     4 |    12 |    10 ||    32
       Distracted        |       |     1 |       |     1 |     1 |     1 ||     4
       Invisible         |       |       |       |       |     2 |     4 ||     6
       Held in net/web   |       |       |       |       |     1 |       ||     1
Armor: Robe              |    16 |    22 |    35 |    81 |    84 |    44 ||   282
Dodge: Dodged            |    37 |    65 |   126 |   193 |   336 |   295 ||  1052
       Repelled          |       |     2 |     2 |     2 |     3 |    20 ||    29
Block: Buckler           |       |       |       |    11 |   154 |   166 ||   331

Table legend: (Time is in decaauts)
 A = Elapsed time spent in this place.
 B = Non-inter-level travel time spent in this place.
 C = Inter-level travel time spent in this place.
 D = Time resting spent in this place.
 E = Time spent auto-exploring this place.
 F = Levels seen in this place.
 G = Mean time per level.
                   A        B        C        D        E       F      G
               +--------+--------+--------+--------+--------+-----+--------+
         Total |  49921 |  48180 |   1741 |  24010 |  14845 |  27 | 1848.9 |
       Dungeon |  25960 |  24819 |   1141 |  10649 |   9291 |  15 | 1730.7 |
        Temple |    832 |    818 |     14 |    675 |     24 |   1 |  832.0 |
          Lair |  11360 |  11004 |    356 |   6547 |   2604 |   5 | 2272.0 |
     Snake Pit |   9055 |   8960 |     95 |   5005 |   2182 |   4 | 2263.8 |
  Orcish Mines |   2712 |   2578 |    134 |   1134 |    743 |   2 | 1356.0 |
               +--------+--------+--------+--------+--------+-----+--------+

Top non-repeatable levels by time:
  Lair:5: 3666 daAuts
  Lair:2: 3213 daAuts
     D:7: 2671 daAuts
 Snake:4: 2612 daAuts
     D:6: 2447 daAuts
 Snake:2: 2248 daAuts
    D:12: 2204 daAuts
    D:15: 2173 daAuts
 Snake:1: 2107 daAuts
 Snake:3: 2087 daAuts
     D:5: 1889 daAuts
    D:13: 1821 daAuts
  Lair:1: 1807 daAuts
    D:10: 1773 daAuts
     D:9: 1752 daAuts
